 Dungeon Crawl Stone Soup version 0.20.2-3-g29329e0561 (webtiles) character file.

182 Alfie the Skirmisher (level 5, -5/47 HPs)
             Began as a Hill Orc Fighter on Feb 1, 2024.
             Killed by divine providence
             ... invoked by an orc priest
              (14 damage)
             ... on level 3 of the Dungeon.
             The game lasted 00:04:57 (2259 turns).

Alfie the Skirmisher (Hill Orc Fighter)             Turns: 2259, Time: 00:04:58

Health: -5/47      AC:  7    Str: 20    XL:     5   Next: 61%
Magic:  5/5        EV:  8    Int:  8    God:
Gold:   146        SH:  9    Dex: 10    Spells: 4/4 levels left

rFire    . . .     SeeInvis .   a - +0 rapier
rCold    . . .     Gourm    .   c - +0 shield
rNeg     . . .     Faith    .   b - +0 scale mail
rPois    .         Spirit   .   (no helmet)
rElec    .         Reflect  .   (no cloak)
rCorr    .         Harm     .   s - -1 pair of gloves (curse)
MR       .....                  (no boots)
Stlth    ..........             (no amulet)
Regen    0.2/turn               (no ring)
MPRegen  0.1/turn               (no ring)

@: no status effects
A: no striking features
a: Convert to Beogh


You were on level 3 of the Dungeon.
You were not hungry.

You visited 1 branch of the dungeon, and saw 3 of its levels.

You collected 146 gold pieces.

Inventory:

Hand Weapons
 a - a +0 rapier (weapon)
Missiles
 f - 4 tomahawks (quivered)
Armour
 b - a +0 scale mail (worn)
 c - a +0 shield (worn)
 s - a cursed -1 pair of gloves (worn)
Wands
 q - a wand of lightning (1/15)
Scrolls
 e - 2 scrolls of identify {unknown}
 g - a scroll of noise {unknown}
 h - a scroll of fear {unknown}
 k - a scroll of remove curse {unknown}
 l - a scroll of magic mapping {unknown}
 n - a scroll of fog {unknown}
 r - a scroll of blinking {unknown}
Potions
 d - 2 potions of might
 j - a potion of cancellation {unknown}
 o - a potion of curing
 p - a potion of resistance {unknown}
Comestibles
 i - 2 bread rations
 m - a meat ration


   Skills:
 + Level 4.6 Fighting
 + Level 3.2 Short Blades
 + Level 4.1 Armour
 + Level 1.0 Dodging
 + Level 4.5 Shields


You had 4 spell levels left.
You didn't know any spells.

Dungeon Overview and Level Annotations

Branches:
Dungeon (3/15)

Altars:
Trog


Message History

You hit the orc priest.
The orc priest is lightly wounded.
You block the orc priest's attack.
You closely miss the orc priest.
The orc priest is lightly wounded.
You block the orc's attack.
The orc priest mumbles some strange prayers to Beogh against you.
Beogh smites you!
* * * LOW HITPOINT WARNING * * *
You block the orc's attack.
It was a potion of curing.
You feel better.
The orc priest hits you but does no damage.
The orc closely misses you.
An orc comes into view.
The orc priest calls down the wrath of Beogh upon you.
Pain shoots through your body!
* * * LOW HITPOINT WARNING * * *
The orc priest calls down the wrath of Beogh upon you.
Beogh smites you!
You die...

.# #........##......###.##### .#
#........##........#.....# .#
#........##........#.....#
.#############.#####...).......#
.#.....# #..# ###......####
...###.# ##.## #......# ...# #.#
#))# #......# ...# #.# ##.#
#......# ...# #.# ##@###
#####+## ..## #.# #....# ..# #.#
#.o..# ..####.# #...o# .......#
#....# ......## #..o.# ......#
#....# ......# ####..
####'######### ##..


You could see an orc priest and 2 orcs.

Vanquished Creatures
  2 orc priests (D:3)
  A gnoll (D:1)
  2 adders
  A worm (D:2)
  2 dart slugs (D:1)
  2 leopard geckos (D:2)
  9 orcs
  4 giant cockroaches
  8 goblins
  10 hobgoblins
  3 jackals (D:1)
  8 kobolds
  2 quokkas (D:2)
  3 ball pythons
  5 bats
  5 frilled lizards
  8 rats
75 creatures vanquished.

Notes
Turn   | Place    | Note
-------+----------+-------------------------------------------
     0 | D:1      | Alfie the Hill Orc Fighter began the quest for the Orb.
     0 | D:1      | Reached XP level 1. HP: 19/19 MP: 1/1
   157 | D:1      | Reached XP level 2. HP: 26/27 MP: 2/2
   285 | D:1      | Reached XP level 3. HP: 19/33 MP: 3/3
  1207 | D:2      | Found a bloodstained altar of Trog.
  1361 | D:2      | Reached XP level 4. HP: 36/40 MP: 4/4
  2007 | D:3      | Reached XP level 5. HP: 4/47 MP: 5/5
  2119 | D:3      | Reached skill level 1 in Dodging
  2255 | D:3      | HP: 2/47 [orc priest/divine providence (14)]
  2259 | D:3      | Killed from afar by an orc priest

Skill      XL: |  1  2  3  4  5 |
---------------+----------------+-----
Fighting       | 4 |  4.6
Shields        | 4 |  4.5
Armour         | 4 |  4.1
Short Blades   | 3 |  3.2
Dodging        | 1 |  1.0

Action                   |  1- 3 |  4- 6 || total
-------------------------+-------+-------++-------
Melee: Rapier            |   136 |   138 ||   274
  Use: Scroll            |       |     1 ||     1
       Potion            |       |     3 ||     3
  Eat: Bread ration      |     1 |       ||     1
Armor: Scale mail        |    51 |    54 ||   105
       Skin              |       |     4 ||     4
Dodge: Dodged            |    29 |    32 ||    61
Block: Shield            |    63 |    64 ||   127
